 Dungeon Crawl Stone Soup version 0.20-a0-537-g052e6ba (webtiles) character file.

6775 Kidiri the Thaumaturge (level 10, -7/56 HPs)
             Began as a Deep Elf Fire Elementalist on Jan 27, 2017.
             Was a Believer of Vehumet.
             Mangled by a komodo dragon (33 damage)
             ... on level 1 of the Lair of Beasts.
             The game lasted 00:24:16 (9976 turns).

Kidiri the Thaumaturge (Deep Elf Fire Elementalist) Turns: 9976, Time: 00:24:17

Health: -7/56      AC:  4    Str:  5    XL:     10   Next: 76%
Magic:  20/26      EV: 15    Int: 22    God:    Vehumet [**....]
Gold:   447        SH:  6    Dex: 15    Spells: 7/30 levels left

rFire    + . .     SeeInvis .   m - +1 rapier (protect)
rCold    . . .     Gourm    .   a - +0 robe
rNeg     . . .     Faith    .   D - +2 buckler
rPois    .         Spirit   .   B - +1 hat
rElec    .         Reflect  .   s - +0 cloak
rCorr    .         Harm     +   (no gloves)
MR       +....                  (no boots)
Stlth    ++........             t - amulet of harm
Regen    0.2/turn               (no ring)
                                G - ring of protection from fire

@: very slightly contaminated
A: horns 1, talons 1, blink, dopey 1, sense surroundings 1
a: Blink, Renounce Religion


You were on level 1 of the Lair of Beasts.
You worshipped Vehumet.
Vehumet was pleased with you.
You were hungry.

You visited 3 branches of the dungeon, and saw 10 of its levels.

You collected 447 gold pieces.

Inventory:

Hand Weapons
 m - a +1 rapier of protection (weapon)
Armour
 a - a +0 robe (worn)
 s - a +0 cloak (worn)
 B - a +1 hat (worn)
 D - a +2 buckler (worn)
Jewellery
 q - an uncursed ring of ice
 t - an amulet of harm (around neck)
 G - a ring of protection from fire (left hand)
Wands
 g - a wand of confusion (25/48)
 r - a wand of polymorph (14/24)
 A - a wand of paralysis (13/24)
Scrolls
 e - 3 scrolls of amnesia
 h - 3 scrolls of teleportation
 j - 3 scrolls of remove curse
 z - 2 scrolls of immolation
Potions
 d - a potion of haste
 l - 2 potions of agility
 n - a potion of heal wounds
 o - 2 potions of lignification
 p - 2 potions of brilliance {unknown}
 u - 2 potions of ambrosia {unknown}
 w - 2 potions of berserk rage
 x - 3 potions of flight {unknown}
 E - a potion of might
Books
 y - a book of Frost

   Spells                             Type                      Level
   a - Freeze                         Ice                          1
   b - Throw Frost                    Conjuration/Ice              2
   c - Ozocubu's Armour               Charms/Ice                   3
   d - Throw Icicle                   Conjuration/Ice              4
   e - Summon Ice Beast               Ice/Summoning                4
 C - a book of Annihilations

   Spells                             Type                      Level
   a - Poison Arrow                   Conjuration/Poison           6
   b - Chain Lightning                Conjuration/Air              8
   c - Lehudib's Crystal Spear        Conjuration/Earth            8
   d - Glaciate                       Conjuration/Ice              9
   e - Fire Storm                     Conjuration/Fire             9
Comestibles
 c - 6 bread rations
 i - 23 fruits
 k - 7 meat rations
 v - 2 royal jellies


   Skills:
 + Level 3.9 Fighting
 + Level 4.6 Short Blades
 + Level 3.6 Armour
 + Level 6.0 Dodging
 - Level 2.4 Stealth
 + Level 2.2 Shields
 * Level 10.9 Spellcasting
 + Level 6.5 Conjurations
 + Level 7.3 Fire Magic
 + Level 1.8 Ice Magic
 + Level 2.7 Earth Magic
 + Level 5.1 Evocations


You had 7 spell levels left.
You knew the following spells:

 Your Spells              Type           Power        Failure   Level  Hunger
a - Flame Tongue          Conj/Fire      #####        1%          1    None
b - Throw Flame           Conj/Fire      #####.       1%          2    None
c - Conjure Flame         Conj/Fire      #####...     1%          3    None
d - Inner Flame           Hex/Fire       ####....     6%          3    None
e - Sticky Flame          Conj/Fire      #####...     4%          4    #......
f - Fireball              Conj/Fire      #####.....   12%         5    ####...
g - Sandblast             Erth           ###...       2%          1    None
i - Throw Icicle          Conj/Ice       ####....     14%         4    #......


Dungeon Overview and Level Annotations

Branches:
Dungeon (8/15)             Temple (1/1) D:7            Lair (1/6) D:8

Altars:
Ashenzari
Cheibriados
Dithmenos
Elyvilon
Fedhas
Gozag
Hepliaklqana
Kikubaaqudgha
Makhleb
Nemelex Xobeh
Okawaru
Qazlal
Ru
Sif Muna
Trog
Uskayaw
Vehumet
Xom
Zin
The Shining One


Innate Abilities, Weirdness & Mutations

You have a pair of small horns on your head.
You have sharp toenails.
You can translocate small distances at will.
You are dopey. (Int -2)
You passively map a small area around you.


Message History

The komodo dragon is lightly wounded.
Casting: Flame Tongue
Confirm with . or Enter, or press ? or * to list all spells.
Aiming: Flame Tongue
Press: ? - help, Shift-Dir - straight line, f/p - komodo dragon
Aim: a komodo dragon (lightly wounded)
The flame tongue hits the komodo dragon.
The komodo dragon is lightly wounded.
The komodo dragon hisses menacingly.
Casting: Flame Tongue
Confirm with . or Enter, or press ? or * to list all spells.
Aiming: Sticky Flame
Press: ? - help, Shift-Dir - straight line, f/p - komodo dragon
Aim: a komodo dragon (lightly wounded)
You miscast Sticky Flame.
You are very lightly contaminated with residual magic.
The air around you crackles with energy!
The komodo dragon bites you!!
Ouch! That really hurt!
You die...

# ### ###.8.>.8#..# ,. ,
####.###.#.........###P... ,
..........##.8.##.........
######.....##.##..........
##...................
#.#######P.########......
#.# #..# ..... #.# ##.#
....### #.# #@# * .......
####.# ##l# * .....,
####.##.## #..##### ... ,
.........#######...#.####.#
*
###...............%.......#*
* #...#P.##.#..#.P........#
#..............#........#
#...#..........#........#
#...#..........#........#


You could see a komodo dragon.

Vanquished Creatures
  A two-headed ogre (D:8)
  A deep elf mage (D:6)
  An elephant (D:8)
  A black mamba (Lair:1)
  A spiny frog (Lair:1)
  A rime drake (Lair:1)
  2 hippogriffs (D:8)
  A basilisk (D:8)
  Edmund (D:5)
  A black bear (D:7)
  An orc warrior (D:7)
  3 sky beasts
  3 necrophages
  5 ogres
  4 phantoms
  A centaur (D:8)
  2 crocodiles
  A big kobold (D:8)
  4 bullfrogs
  3 scorpions
  5 wights (D:8)
  5 howler monkeys
  2 bullfrog zombies
  3 crimson imps
  2 jellies (D:7)
  2 orc priests
  A gnoll shaman (D:7)
  5 hounds
  5 orc wizards
  Crazy Yiuf (D:2)
  3 bullfrog skeletons
  A centaur skeleton (D:5)
  2 iguanas
  7 worker ants
  A killer bee zombie (D:7)
  A hound zombie (D:5)
  Robin (D:4)
  2 howler monkey skeletons
  8 gnolls
  10 adders
  2 shadow imps (D:6)
  An ooze (D:4)
  4 worms
  A dart slug (D:1)
  5 leopard geckos
  20 orcs
  4 ball pythons
  2 giant cockroaches
  18 goblins
  6 hobgoblins
  10 jackals
  13 kobolds
  2 quokkas
  5 bats
  7 frilled lizards
  A jackal skeleton (D:6)
  A leopard gecko skeleton (D:5)
  A leopard gecko zombie (D:7)
  A quokka skeleton (D:7)
  4 rats
213 creatures vanquished.

Vanquished Creatures (others)
  A fungus (D:8)
  2 plants (Lair:1)
3 creatures vanquished.

Grand Total: 216 creatures vanquished

Notes
Turn   | Place    | Note
-------+----------+-------------------------------------------
     0 | D:1      | Kidiri the Deep Elf Fire Elementalist began the quest for the Orb.
     0 | D:1      | Reached XP level 1. HP: 10/10 MP: 6/6
   131 | D:1      | Reached XP level 2. HP: 15/15 MP: 4/8
   137 | D:1      | Learned a level 2 spell: Throw Flame
   366 | D:1      | Found a sparkling altar of Nemelex Xobeh.
  1025 | D:2      | Reached XP level 3. HP: 19/19 MP: 1/10
  1037 | D:2      | Learned a level 3 spell: Conjure Flame
  1041 | D:2      | Learned a level 3 spell: Inner Flame
  1196 | D:2      | Found a bloodstained altar of Trog.
  1197 | D:2      | Found an ancient bone altar of Kikubaaqudgha.
  1252 | D:2      | Reached skill level 4 in Spellcasting
  1545 | D:2      | Found a runed door.
  1950 | D:2      | Noticed Crazy Yiuf
  1953 | D:2      | Killed Crazy Yiuf
  1953 | D:2      | Reached XP level 4. HP: 24/24 MP: 6/12
  2196 | D:3      | Reached skill level 5 in Spellcasting
  2240 | D:3      | Learned a level 4 spell: Sticky Flame
  2486 | D:3      | Reached XP level 5. HP: 16/28 MP: 11/14
  3011 | D:4      | Found a glowing golden altar of the Shining One.
  3124 | D:4      | Noticed a phantom
  3130 | D:4      | Killed a phantom
  3130 | D:4      | Reached skill level 6 in Spellcasting
  3130 | D:4      | Reached XP level 6. HP: 14/32 MP: 10/17
  3310 | D:4      | Noticed Robin
  3324 | D:4      | Killed Robin
  3495 | D:4      | Learned a level 5 spell: Fireball
  3980 | D:4      | Reached skill level 5 in Fire Magic
  3980 | D:4      | Reached skill level 1 in Evocations
  4175 | D:4      | Reached XP level 7. HP: 37/37 MP: 13/19
  4178 | D:4      | Reached skill level 7 in Spellcasting
  4183 | D:4      | Reached skill level 1 in Short Blades
  4418 | D:5      | Entered Level 5 of the Dungeon
  4467 | D:5      | Reached skill level 1 in Fighting
  4481 | D:5      | Reached skill level 1 in Armour
  4731 | D:5      | Found an iron altar of Okawaru.
  4743 | D:5      | Reached XP level 8. HP: 42/43 MP: 13/21
  4808 | D:5      | Noticed Edmund
  4825 | D:5      | Killed Edmund
  5203 | D:6      | Reached skill level 8 in Spellcasting
  5239 | D:6      | Gained mutation: You passively map a small area around you. [mutagenic meat]
  5240 | D:6      | Gained mutation: You can translocate small distances at will. [mutagenic meat]
  5241 | D:6      | Gained mutation: You have a pair of small horns on your head. [mutagenic meat]
  5242 | D:6      | Gained mutation: You are dopey. (Int -2) [mutagenic meat]
  5243 | D:6      | Gained mutation: You have sharp toenails. [mutagenic meat]
  5971 | D:6      | Reached skill level 9 in Spellcasting
  6148 | D:6      | Noticed a deep elf mage
  6156 | D:6      | Killed a deep elf mage
  6156 | D:6      | Reached skill level 5 in Conjurations
  6156 | D:6      | Reached XP level 9. HP: 22/49 MP: 20/24
  6510 | D:7      | Found a staircase to the Ecumenical Temple.
  6519 | Temple   | Entered the Ecumenical Temple
  6674 | Temple   | Became a worshipper of Vehumet
  7517 | D:7      | Reached skill level 5 in Dodging
  8093 | D:7      | Reached * piety under Vehumet
  8093 | D:7      | Offered knowledge of Sandblast by Vehumet.
  8099 | D:7      | Reached skill level 1 in Shields
  8099 | D:7      | Reached skill level 10 in Spellcasting
  8123 | D:6      | Learned a level 1 spell: Sandblast
  8313 | D:8      | Noticed an elephant
  8347 | D:8      | Reached XP level 10. HP: 55/56 MP: 2/26
  8411 | D:8      | Found a staircase to the Lair.
  8593 | D:8      | Killed an elephant
  8593 | D:8      | Reached skill level 1 in Earth Magic
  8719 | D:8      | Reached ** piety under Vehumet
  8722 | D:8      | Offered knowledge of Throw Frost by Vehumet.
  8726 | D:8      | Learned a level 2 spell: Throw Frost
  8748 | D:8      | Learned a level 4 spell: Throw Icicle
  9148 | D:8      | Noticed a two-headed ogre
  9155 | D:8      | Killed a two-headed ogre
  9276 | D:8      | Reached skill level 1 in Ice Magic
  9383 | Lair:1   | Entered Level 1 of the Lair of Beasts
  9541 | Lair:1   | Reached skill level 5 in Evocations
  9648 | Lair:1   | Noticed a spiny frog
  9658 | Lair:1   | Killed a spiny frog
  9837 | Lair:1   | Noticed a black mamba
  9852 | Lair:1   | Killed a black mamba
  9976 | Lair:1   | Mangled by a komodo dragon

Vault maps used:
D:1:      evilmike_arrival_crescent, nemelex_altar_shiori
D:2:      gammafunk_temple_overflow_pools, uniq_crazy_yiuf_cottage
D:3:      first_bread, serial_glass, glass_columns_b, glass_columns_a,
          glass_columns_b, glass_columns_a, glass_columns_c, glass_columns_b,
          glass_columns_b, glass_columns_b, due_unseen_surprise,
          feat_on_display, minmay_strange_pillars,
          minmay_misc_feat_secret_circle
D:4:      nicolae_tso_carved_into_rock, hangedman_abyss_or_decor_lesser_grid,
          uniq_robin
D:5:      okawaru_metal_pillars_3, hangedman_decor_points, uniq_edmund
D:6:      guppyfry_early_elven_hall
D:7:      minmay_temple_entry_trees, serial_co_window_serial, co_window_paths_b,
          co_window_corner_a, co_window_corner_a, co_window_corner_a,
          co_window_paths_a, co_window_cross_3, co_window_broadway_b,
          co_window_corner_ca, co_window_broadway_a, co_window_unsneaky_path_b,
          co_window_broadway_b, co_window_corner_ca, co_window_paths_e,
          glass_columns_b, glass_columns_b, glass_columns_a
D:8:      david_lair_generic
Temple:   nicolae_temple_elliptical
Lair:1:   grunt_forest_small_clearings, cheibrodos_lair_lostbears,
          grunt_megastairs_1

Skill      XL: |  1  2  3  4  5  6  7  8  9 10 |
---------------+-------------------------------+-----
Spellcasting   | 4 5 6 7 9 10 | 10.9
Fire Magic     | 4 5 6 7 |  7.3
Conjurations   | 2 3 4 5 6 |  6.5
Evocations     | 1 2 3 4 5 |  5.1
Short Blades   | 2 3 4 |  4.6
Dodging        | 3 4 5 6 |  6.0
Fighting       | 1 2 3 |  3.9
Armour         | 1 2 3 |  3.6
Shields        | 1 2 |  2.2
Earth Magic    | 2 |  2.7
Ice Magic      | 1 |  1.8
Stealth        | |  2.4

Action                   |  1- 3 |  4- 6 |  7- 9 | 10-12 || total
-------------------------+-------+-------+-------+-------++-------
Melee: Dagger            |    18 |       |       |       ||    18
       Rapier            |       |    49 |   327 |    26 ||   402
       Kick              |       |       |    43 |     4 ||    47
       Headbutt          |       |       |    37 |     2 ||    39
 Cast: Flame Tongue      |    47 |    51 |    73 |    43 ||   214
       Throw Flame       |    16 |     9 |     6 |     4 ||    35
       Sticky Flame      |       |     5 |    37 |    15 ||    57
       Inner Flame       |       |     3 |     2 |     5 ||    10
       Conjure Flame     |       |     2 |     2 |     2 ||     6
       Fireball          |       |       |     3 |       ||     3
       Throw Icicle      |       |       |       |     2 ||     2
  Use: Scroll            |     7 |     3 |     1 |     4 ||    15
       Potion            |       |       |       |     1 ||     1
 Stab: Sleeping          |     5 |     1 |     4 |     1 ||    11
  Eat: Chunk             |     3 |     8 |    21 |     5 ||    37
Armor: Robe              |     4 |    22 |   108 |     8 ||   142
Dodge: Dodged            |    25 |    54 |   207 |    27 ||   313
Block: Buckler           |       |       |    31 |    17 ||    48
